 Dungeon Crawl Stone Soup version 0.22-a0-603-gfc1114d (webtiles) character file.

2102906 kuniqs the Talismancer (level 27, 290/290 HPs)
             Began as a Deep Dwarf Fighter on July 7, 2018.
             Was the Champion of Makhleb.
             Escaped with the Orb
             ... and 3 runes!
             The game lasted 01:38:46 (47155 turns).

kuniqs the Talismancer (Deep Dwarf Fighter)        Turns: 47155, Time: 01:38:48

Health: 290/290    AC: 54    Str: 31    XL:     27
Magic:  10/10      EV: 16    Int:  9    God:    Makhleb [******]
Gold:   734        SH: 26    Dex: 17    Spells: 26/26 levels left

rFire    + + +     SeeInvis .   a - +9 broad axe (antimagic)
rCold    + + +     Gourm    .   X - +1 large shield
rNeg     + . .     Faith    .   h - +12 gold dragon scales
rPois    +         Spirit   .   N - +2 helmet
rElec    +         Reflect  .   F - +1 cloak of Starlight {rElec rC+ EV+4 Stlth--}
rCorr    .         Harm     +   W - +2 pair of gloves {Dex+3}
MR       ++++.     Clarity  +   R - +2 pair of boots of the Assassin {Detection Stab+ Stlth++}
Stlth    ..........             H - amulet of Ezograew {Harm *Drain rF+}
HPRegen  0.00/turn              v - ring of Seyst {AC+3 Dex+2}
MPRegen  0.12/turn              r - ring "Ifae" {rF+ rC+}

@: non-regenerating
A: damage resistance, heal wounds, clarity, dopey 1, mutation resistance 1,
negative energy resistance 1, sense surroundings 3, screaming 1, no potion heal
1, no regeneration
0: Orb of Zot
}: 3/15 runes: serpentine, barnacled, silver
a: Heal Wounds, Minor Destruction, Lesser Servant of Makhleb, Major Destruction,
Greater Servant of Makhleb, Renounce Religion


You escaped.
You worshipped Makhleb.
Makhleb was exalted by your worship.
You were very full.

You visited 9 branches of the dungeon, and saw 49 of its levels.
You also visited: Labyrinth, Sewer, Bailey and Wizlab.

You collected 6390 gold pieces.
You spent 5656 gold pieces at shops.

Inventory:

Hand Weapons
 a - a +9 antimagic broad axe (weapon)
 b - a +9 broad axe of protection
Armour
 h - +12 gold dragon scales (worn)
 F - the +1 cloak of Starlight (worn) {rElec rC+ EV+4 Stlth--}
   (You found it on level 3 of the Elven Halls)

   It affects your evasion (+4).
   It protects you from cold.
   It insulates you from electricity.
   It makes you much less stealthy.
 N - a +2 helmet (worn)
 R - the +2 pair of boots of the Assassin (worn) {Detection Stab+ Stlth++}
   (You acquired it in a bailey)

   It makes you much more stealthy.
 W - a +2 pair of gloves of dexterity (worn)
 X - a +1 large shield (worn)
Jewellery
 r - the ring "Ifae" (right hand) {rF+ rC+}
   (You bought it in a shop on level 1 of the Elven Halls)

   [ring of protection from cold]

   It protects you from fire.
   It protects you from cold.
 v - the ring of Seyst (left hand) {AC+3 Dex+2}
   (You took it off a vault sentinel on level 5 of the Vaults)

   [ring of protection]

   It affects your AC (+3).
   It affects your dexterity (+2).
 H - the amulet of Ezograew (around neck) {Harm *Drain rF+}
   (You found it on level 1 of the Elven Halls)

   [amulet of harm]

   It increases damage dealt and taken.
   It protects you from fire.
   It causes draining when unequipped.
Wands
 c - a wand of enslavement (2)
 g - a wand of scattershot (7)
 u - a wand of acid (41)
 w - a wand of clouds (9)
 x - a wand of digging (39)
 C - a wand of paralysis (15)
 I - a wand of disintegration (43)
 L - a wand of iceblast (26)
 V - a wand of polymorph (67)
Scrolls
 i - 9 scrolls of immolation
 k - 12 scrolls of fear
 l - 30 scrolls of teleportation
 n - 18 scrolls of remove curse {@r2}
 A - a scroll of blinking
 K - 8 scrolls of fog
 O - 2 scrolls of summoning
 P - 5 scrolls of vulnerability
 Q - 7 scrolls of identify {@r1}
 U - 4 scrolls of holy word
Potions
 d - 8 potions of might
 e - 4 potions of agility
 m - 29 potions of curing {@q1}
 o - 3 potions of resistance
 q - 18 potions of heal wounds
 z - 8 potions of cancellation
 B - 18 potions of mutation
 E - 6 potions of haste
 G - 5 potions of lignification
 J - a potion of berserk rage
Miscellaneous
 j - 5 sacks of spiders
 s - a phial of floods
 t - a lamp of fire
 y - 3 boxes of beasts
 D - a lightning rod (4/4)
 Y - 4 phantom mirrors
Comestibles
 f - 87 rations


   Skills:
 + Level 25.1 Fighting
 - Level 18.0 Axes
 - Level 22.0 Armour
 - Level 10.0 Dodging
 - Level 20.0 Shields
 - Level 8.0 Invocations
 O Level 27 Evocations


You had 26 spell levels left.
You didn't know any spells.
Your spell library was empty.

Dungeon Overview and Level Annotations

Branches:
Dungeon (15/15)            Temple (0/1) D:7            Lair (6/6) D:8
 Shoals (4/4) Lair:2        Snake (4/4) Lair:3        Slime (0/5) Lair:6
    Orc (2/2) D:9             Elf (3/3) Orc:2        Vaults (5/5) D:13
  Crypt (0/3) Vaults:3     Depths (5/5) D:15            Zot (5/5) Depths:5

Altars:
Cheibriados
Dithmenos
Elyvilon
Gozag
Hepliaklqana
Kikubaaqudgha
Makhleb
Nemelex Xobeh
Qazlal
Trog
Uskayaw
Vehumet
Yredelemnul
Beogh
Jiyva

Shops:
D:6 !   D:7 ?   D:10 !   D:11 =   Orc:2 }(?}   Elf:1 =??*[   Shoals:1 *
Shoals:3 [   Snake:1 }   Vaults:2 [   Vaults:5 !

Portals:
Hell: Depths:1 Depths:2 Depths:3 Depths:4 Depths:5
Abyss: Depths:4 Depths:5
Pandemonium: Depths:1 Depths:3
Ziggurat: Depths:4

Annotations:
D:7 exclusion: oklob sapling
D:14 exclusion: Roxanne, Roxanne
Elf:2 3 runed doors
Zot:1 Dame's ghost, legendary NaFi


Innate Abilities, Weirdness & Mutations

You are resistant to damage.
You can heal yourself by infusing magical energy.
You resist negative energy. (rN+)
You passively map a large area around you.
You do not regenerate.
You possess an exceptional clarity of mind.
You are dopey. (Int -2)
You are somewhat resistant to further mutation.
You occasionally shout uncontrollably at your foes.
Potions are less effective at restoring your health.


Message History

Ye kill tha Orb Guardian!
Makhleb accepts yer kill.
Ye feel better.
Nay target in view!
Nay target in view!
Nay target in view!
Nay target in view!
Nay target in view!
Ye start waitin'.
Yer surroundin's sudd'nly seem different.
Okay, than.
(D) Dungeon (T) Temple (L) Lair (A) Shoals (P) Snake Pit (M) Slime Pits (O) Orcish Mines (E) Elv'n Halls (V) Vaults (C) Crypt (U) Depths (H) Hell (Z) Zot Where ta? (Enter - D:1 @ (x,y), ? - help) Thar be an op'n door 'ere.
Thar be an op'n door 'ere.
Thar be a staircase leadin' outta tha dungeon 'ere.
Ye haf 'scaped!

#.# #.# #'# #.# #.#
#.####.#####.# #.#
#.#.'...'.##.# ..#
###.####.#####.# ..#
#...#.รท...'.##.#
..#######.######.#####.#
............#.'...'.##.#
#.#######.#.####.#####.#
..#.....#.#...'.@.'.##.#
###)###.#.#.####.#####.#
#.# #.#.#.#.'...'.##.#
#.###.#.#.####.#####.#
#.......#.#.'...'.#..#
#####.....####.####.##
#######.'...'.#.#
####.####.# #'# #.#


There were no monsters in sight!

Vanquished Creatures
  4 orbs of fire
  An ancient lich (Zot:5)
  Sojobo (Vaults:5)
  Bai Suzhen (Vaults:5)
  Xtahua (Vaults:4)
  4 Killer Klowns
  Nikola (Snake:4)
  the Enchantress (Depths:2)
  8 golden dragons
  Jory (Depths:2)
  3 electric golems
  3 liches
  Jorgrun (Vaults:5)
  18 tentacled monstrosities
  3 quicksilver dragons
  23 Orb Guardians
  2 deep elf blademasters (Elf:3)
  A deep elf master archer (Elf:3)
  4 titans (Vaults:5)
  2 krakens (Shoals:4)
  4 sphinxes
  2 death cobs
  A sphinx (shapeshifter) (Depths:4)
  Agnes (D:14)
  6 shadow dragons
  15 storm dragons
  Ilsuiw (Shoals:4)
  7 tengu reavers (Vaults:5)
  Donald (Snake:4)
  14 nagarajas
  6 frost giants
  4 draconian monks
  A ghost moth (Zot:2)
  6 fire giants
  14 vault wardens
  6 draconian shifters
  2 draconian knights
  Louise (Snake:4)
  4 draconian scorchers
  9 deep elf sorcerers
  10 deep elf elementalists
  6 draconian annihilators
  3 spriggan defenders (Depths:2)
  14 ironheart preservers
  A reaper (D:15)
  5 war gargoyles
  2 draconian stormcallers
  A stone giant (shapeshifter) (Depths:4)
  2 entropy weavers
  21 very ugly things
  23 stone giants
  10 deep elf demonologists
  Nessos (Lair:6)
  7 green draconians
  8 vampire knights
  A blood saint (D:9)
  4 black draconians (Zot:2)
  Azrael (D:13)
  8 red draconians
  6 white draconians
  11 deep elf annihilators
  2 orange crystal statues
  13 yellow draconians
  6 dire elephants (Lair:6)
  6 spark wasps
  5 purple draconians
  3 blizzard demons
  Snorg (D:14)
  9 merfolk impalers
  5 merfolk javelineers (Shoals:4)
  14 ettins
  14 crystal guardians
  10 deep elf death magi
  8 fire dragons
  5 great orbs of eyes
  7 deep elf high priests
  3 large abominations
  5 jiangshi (Depths:2)
  13 yaktaur captains
  A rakshasa (Depths:2)
  Harold (Lair:4)
  19 ogre magi
  9 hydras
  A monstrous demonspawn (Depths:3)
  13 naga warriors
  27 vault guards
  7 spriggan air magi
  A satyr (shapeshifter) (Depths:4)
  3 catoblepae
  10 ice dragons
  11 anacondas
  A two-headed ogre (shapeshifter) (Depths:4)
  4 merfolk avatars
  2 alligator snapping turtles
  10 centaur warriors
  56 two-headed ogres
  28 dancing weapons
  4 death knights
  2 merfolk aquamancers
  3 satyrs
  5 vampire magi
  7 tengu warriors
  5 deep troll earth magi
  6 deep troll shamans
  11 death yaks (Lair:6)
  9 naga sharpshooters
  3 spriggan berserkers
  A soul eater (Depths:5)
  6 shock serpents
  5 hell knights (Depths:5)
  5 orc high priests (Orc:2)
  20 deep elf knights
  6 small abominations
  2 fire crabs (Shoals:2)
  6 iron trolls
  A skeletal warrior (Vaults:2)
  An unseen horror (shapeshifter) (Elf:2)
  5 unseen horrors
  3 shadow wraiths
  11 sea snakes
  A sea snake (shapeshifter) (Vaults:5)
  An infernal demonspawn (Depths:3)
  A torturous demonspawn (D:4)
  3 obsidian statues (Depths:4)
  2 flayed ghosts
  10 glowing orange brains
  12 deep trolls
  A gelid demonspawn (Depths:3)
  A lindwurm (shapeshifter) (Vaults:5)
  15 deep elf archers
  7 wizards
  4 naga ritualists
  8 phantasmal warriors
  10 mana vipers
  56 deep elf magi
  19 ironbrand convokers
  2 harpies (Shoals:4)
  13 orc knights
  46 ugly things
  An orb spider (shapeshifter) (Depths:4)
  A shining eye (Snake:3)
  3 necromancers
  5 frost giant zombies (Depths:2)
  3 human zombies
  2 wolf spiders
  2 fire giant zombies (Depths:2)
  7 salamanders
  11 fauns
  15 manticores
  A wolf spider (shapeshifter) (Depths:4)
  A cyclops (shapeshifter) (Depths:4)
  A salamander (shapeshifter) (Vaults:4)
  20 moths of wrath
  7 cyclopes
  An orc sorcerer (Orc:1)
  A guardian serpent (shapeshifter) (Depths:5)
  3 vault sentinels
  16 elephants
  A frost giant skeleton (Vaults:5)
  17 naga magi
  10 guardian serpents
  8 gargoyles
  Joseph (D:7)
  12 spiny frogs
  5 water nymphs
  A molten gargoyle (Depths:4)
  2 torpor snails (shapeshifter) (Depths:4)
  6 merfolk sirens
  2 smoke demons
  Psyche (D:9)
  27 black mambas
  2 orange demons (D:4)
  A torpor snail (Lair:4)
  4 rime drakes
  A rime drake (shapeshifter) (Vaults:4)
  A yaktaur zombie (Vaults:5)
  43 yaktaurs
  8 freezing wraiths
  A komodo dragon (shapeshifter) (Depths:3)
  A kobold demonologist (D:11)
  An elf zombie (Vaults:5)
  A yaktaur (shapeshifter) (Depths:2)
  2 efreet
  7 komodo dragons
  An ice devil (Depths:3)
  2 hellwings
  35 merfolk
  6 wind drakes
  A troll (shapeshifter) (Vaults:4)
  9 trolls
  2 red devils (Depths:5)
  A queen bee (Lair:5)
  A polar bear (shapeshifter) (Vaults:3)
  3 meliai (Lair:5)
  A queen bee (shapeshifter) (D:13)
  3 polar bears
  Prince Ribbit (D:7)
  The ghost of sking99 the Ruffian, an amateur DrTm (D:4)
  A raiju (shapeshifter) (Vaults:5)
  4 blink frogs (Lair:1)
  A dream sheep (shapeshifter) (Vaults:3)
  10 slime creatures
  4 raiju (Depths:4)
  2 tyrant leeches (Lair:4)
  A blink frog (shapeshifter) (Vaults:1)
  A meliai zombie (D:14)
  8 hornets
  2 dream sheep (Shoals:1)
  A frost giant simulacrum (Vaults:2)
  7 snapping turtles
  7 air elementals
  11 hippogriffs
  21 flying skulls (Depths:2)
  3 spriggans (Depths:2)
  Sigmund (D:6)
  4 shadows
  An ice dragon skeleton (Vaults:1)
  A spriggan (shapeshifter) (Elf:3)
  3 basilisks
  A vampire (D:15)
  A ynoxinul (Depths:5)
  19 water elementals
  4 redbacks
  5 wraiths
  2 fire bats (Shoals:2)
  A fire bat (shapeshifter) (Vaults:5)
  9 wyverns
  A steam dragon (D:8)
  29 yaks
  A human (shapeshifter) (Depths:2)
  15 fire elementals
  5 hungry ghosts
  A chaos spawn (D:4)
  6 swamp worms (Lair:4)
  3 vampire mosquitoes (D:14)
  2 insubstantial wisps (Depths:4)
  49 nagas
  6 wargs
  A swamp worm (shapeshifter) (Vaults:5)
  A soldier ant (D:13)
  3 acid dragons
  8 water moccasins
  5 hell hounds
  2 floating eyes (shapeshifter)
  5 porcupines
  3 ice beasts
  44 orc warriors
  2 black bears
  2 sky beasts
  2 phantoms (D:14)
  51 ogres
  12 wolves
  19 centaurs
  16 crocodiles
  4 big kobolds
  10 earth elementals
  21 bullfrogs
  An ogre simulacrum (Vaults:1)
  A wyvern skeleton (D:14)
  4 scorpions
  7 wights
  49 killer bees
  A howler monkey (D:6)
  5 electric eels (D:13)
  6 crimson imps
  2 centaur zombies
  A quasit (Depths:3)
  A bullfrog zombie (D:13)
  7 centaur skeletons
  2 hounds (D:4)
  2 jellies
  25 orc priests
  Crazy Yiuf (D:3)
  3 iron imps
  23 orc wizards
  Ijyb (D:3)
  3 bullfrog skeletons
  An iguana (D:9)
  19 worker ants
  2 killer bee zombies
  A hound skeleton (D:5)
  A worker ant zombie (D:8)
  28 gnolls
  14 adders
  A river rat (D:6)
  6 shadow imps
  2 ufetubi (Depths:3)
  10 oozes
  An adder zombie (D:8)
  An adder skeleton (D:2)
  2 worms
  5 dart slugs
  19 leopard geckos
  114 orcs
  10 ball pythons
  7 bats
  15 giant cockroaches
  8 goblins
  19 hobgoblins
  12 jackals
  A quokka (D:1)
  13 frilled lizards
  29 kobolds
  2 leopard gecko skeletons
  A quokka skeleton (D:4)
  13 rats
  A bush (Lair:5)
  3 crawling corpses (Elf:3)
  5 fungi
  6 plants
  2 tentacles (Shoals:4)
2323 creatures vanquished.

Vanquished Creatures (collateral kills)
  A white draconian (Zot:1)
  A minotaur (Lab)
  A yellow draconian (Zot:1)
  2 merfolk impalers (Shoals:4)
  A sea snake (Shoals:4)
  A merfolk siren (Shoals:4)
  2 moths of wrath (Zot:1)
  4 merfolk (Shoals:4)
  A snapping turtle (Shoals:4)
  2 orc warriors
  A centaur (D:13)
  A wight (D:13)
  An iguana (D:13)
  A shadow imp (D:14)
20 creatures vanquished.

Vanquished Creatures (others)
  A storm dragon (Depths:3)
  A ghost moth (Zot:4)
  A draconian stormcaller (Zot:3)
  2 merfolk impalers (Shoals:4)
  A two-headed ogre (Vaults:5)
  A phantasmal warrior (Depths:3)
  A moth of wrath (Zot:5)
  A naga mage (Snake:4)
  A merfolk (Shoals:4)
  A water elemental (Depths:4)
  A naga (Snake:4)
  2 ogres
  An electric eel (D:13)
  6 ball lightnings (Depths:4)
  A bush (Lair:5)
  4 fungi (Lair:5)
  21 plants
  10 tentacles (Shoals:4)
57 creatures vanquished.

Grand Total: 2400 creatures vanquished

Notes
Turn   | Place    | Note
-------+----------+-------------------------------------------
     0 | D:1      | kuniqs the Deep Dwarf Fighter began the quest for the Orb.
     0 | D:1      | Reached XP level 1. HP: 20/20 MP: 1/1
   107 | D:1      | Reached XP level 2. HP: 24/27 MP: 2/2
   294 | D:1      | Reached skill level 1 in Dodging
   380 | D:1      | Reached XP level 3. HP: 24/34 MP: 3/3
  1224 | D:2      | Reached XP level 4. HP: 36/42 MP: 4/4
  1743 | D:2      | Found an ancient bone altar of Kikubaaqudgha.
  1749 | D:2      | Reached XP level 5. HP: 40/49 MP: 5/5
  1755 | D:2      | Found an opulent altar of Gozag.
  1758 | D:2      | Found a radiant altar of Vehumet.
  2068 | D:3      | Noticed Ijyb
  2168 | D:4      | Reached XP level 6. HP: 51/56 MP: 5/5
  2182 | D:4      | Found a hide-covered altar of Uskayaw.
  2573 | D:4      | Found a runed gate.
  2573 | D:4      | Noticed sking99's ghost (amateur DrTm)
  2595 | D:4      | Found a runed gate.
  2596 | D:4      | Found a runed gate.
  2607 | D:4      | Found a roughly hewn altar of Beogh.
  2672 | D:4      | Killed sking99's ghost
  2672 | D:4      | Reached XP level 7. HP: 50/64 MP: 6/6
  2676 | D:4      | Got a smoking hand axe {chop}
  2680 | D:4      | Identified the cursed +1 hand axe of Debt {chop, rF+ rC+ Dex+4} (You took it off an orc on level 4 of the Dungeon)
  2862 | D:5      | Entered Level 5 of the Dungeon
  2939 | D:5      | Reached skill level 5 in Armour
  2939 | D:5      | Reached skill level 5 in Shields
  3050 | D:5      | Reached skill level 1 in Evocations
  3347 | D:5      | Reached skill level 2 in Evocations
  3674 | D:6      | Found a glowing drain.
  3684 | Sewer    | Entered a sewer
  3856 | Sewer    | Reached XP level 8. HP: 61/73 MP: 8/8
  3960 | Sewer    | Reached skill level 5 in Axes
  4042 | D:6      | Reached skill level 3 in Evocations
  4336 | D:6      | Found a burning altar of Makhleb.
  4336 | D:6      | Found a white marble altar of Elyvilon.
  4337 | D:6      | Found a stormy altar of Qazlal.
  4341 | D:6      | Became a worshipper of Makhleb the Destroyer
  4388 | D:6      | Reached skill level 5 in Fighting
  4388 | D:6      | Reached skill level 1 in Invocations
  4401 | D:6      | Found Atuahi's Distillery.
  4408 | D:6      | Got a pitted short sword
  4423 | D:6      | Noticed Sigmund
  4433 | D:6      | Killed Sigmund
  4433 | D:6      | Reached skill level 5 in Dodging
  4433 | D:6      | Reached skill level 4 in Evocations
  4453 | D:6      | Bought a potion of haste for 120 gold pieces
  4453 | D:6      | Bought a potion of resistance for 120 gold pieces
  4453 | D:6      | Bought a potion of degeneration for 12 gold pieces
  4453 | D:6      | Bought a potion of heal wounds for 60 gold pieces
  4497 | D:6      | Gained mutation: You passively map the area around you. [Deep Dwarf growth]
  4497 | D:6      | Reached XP level 9. HP: 66/81 MP: 9/9
  4543 | D:6      | Found a hazy altar of Hepliaklqana.
  4581 | D:6      | Identified the cursed +2 short sword "Himy" {vamp, *Slow rF+ rC+} (You found it on level 6 of the Dungeon)
  4667 | D:6      | Found a bloodstained altar of Trog.
  5177 | D:7      | Found Wyxto's Magic Scroll Boutique.
  5200 | D:7      | Noticed Prince Ribbit
  5212 | D:7      | Killed Prince Ribbit
  5224 | D:7      | Reached * piety under Makhleb
  5437 | D:7      | Reached skill level 5 in Evocations
  5629 | D:7      | Noticed Joseph
  5787 | D:7      | Found a staircase to the Ecumenical Temple.
  5870 | D:8      | Reached skill level 6 in Evocations
  5892 | D:8      | Noticed a two-headed ogre
  5895 | D:8      | Reached XP level 10. HP: 64/91 MP: 9/9
  5900 | D:8      | Killed a two-headed ogre
  5920 | D:8      | Reached skill level 5 in Invocations
  6047 | D:8      | Found a staircase to the Lair.
  6121 | D:8      | Reached ** piety under Makhleb
  6203 | D:8      | Found a bloodstained altar of Trog.
  6420 | D:9      | Found a snail-covered altar of Cheibriados.
  6479 | D:9      | Identified a scroll of acquirement
  6496 | D:9      | Reached skill level 7 in Evocations
  6584 | D:9      | Found a staircase to the Orcish Mines.
  7076 | D:8      | Reached *** piety under Makhleb
  7183 | D:7      | Killed Joseph
  7216 | D:7      | Found a sparkling altar of Nemelex Xobeh.
  7560 | D:3      | Killed Ijyb
  8080 | D:3      | Found a runed door.
  8084 | D:3      | Noticed Crazy Yiuf
  8091 | D:3      | Killed Crazy Yiuf
  8244 | D:9      | Noticed Psyche
  8251 | D:9      | Killed Psyche
  8251 | D:9      | Reached XP level 11. HP: 90/99 MP: 10/10
  8819 | D:10     | Entered Level 10 of the Dungeon
  8856 | D:10     | Noticed a two-headed ogre
  8864 | D:10     | Killed a two-headed ogre
  8956 | D:10     | Reached skill level 8 in Evocations
  9034 | D:10     | Found Ulustopi's Distillery.
  9231 | D:10     | You fall through a shaft!
  9729 | D:11     | Reached **** piety under Makhleb
 10009 | D:11     | Found Aqusuepp's Jewellery Shoppe.
 10027 | D:11     | Noticed a white ugly thing
 10035 | D:11     | Killed a white ugly thing
 10449 | Lair:1   | Entered Level 1 of the Lair of Beasts
 10628 | Lair:1   | Reached skill level 9 in Evocations
 11210 | Lair:2   | Reached XP level 12. HP: 105/110 MP: 11/11
 11539 | Lair:2   | Found a staircase to the Shoals.
 11606 | Lair:2   | Noticed an eight-headed hydra
 11620 | Lair:2   | Killed a two-headed hydra
 12015 | Lair:3   | Reached ***** piety under Makhleb
 12239 | Lair:3   | Found a staircase to the Snake Pit.
 12374 | Lair:3   | Reached skill level 10 in Evocations
 12377 | Lair:3   | Reached skill level 10 in Shields
 12770 | Lair:4   | Reached skill level 10 in Armour
 13091 | Lair:4   | Reached XP level 13. HP: 112/118 MP: 13/13
 13129 | Lair:4   | Reached skill level 10 in Axes
 13190 | Lair:4   | Noticed Harold
 13217 | Lair:4   | Killed Harold
 13662 | Lair:5   | Reached skill level 10 in Dodging
 13784 | Lair:5   | Reached skill level 11 in Evocations
 14203 | Lair:6   | Entered Level 6 of the Lair of Beasts
 14225 | Lair:6   | Reached ****** piety under Makhleb
 14340 | Lair:6   | Found the +6 Majin-Bo {vamp, Archmagi MP+6 Int+6}
 14401 | Lair:6   | Reached skill level 12 in Evocations
 14493 | Lair:6   | Gained mutation: You resist negative energy. (rN+) [Deep Dwarf growth]
 14493 | Lair:6   | Reached XP level 14. HP: 119/130 MP: 16/16
 14535 | Lair:6   | Noticed Nessos
 14544 | Lair:6   | Killed Nessos
 14553 | Lair:6   | Reached skill level 10 in Fighting
 14802 | Lair:6   | Found a viscous altar of Jiyva.
 14803 | Lair:6   | Found a staircase to the Slime Pits.
 15694 | D:12     | Reached skill level 13 in Evocations
 15696 | D:12     | Found a white marble altar of Elyvilon.
 15833 | D:12     | Found a bloodstained altar of Trog.
 15971 | D:12     | Found a flagged portal.
 15979 | Bailey   | Entered a bailey
 16191 | Bailey   | Found the +2 pair of boots of the Assassin {Detection Stab+ Stlth++}
 16710 | D:13     | Found a gate to the Vaults.
 16720 | D:13     | Noticed Azrael
 16782 | D:13     | Killed Azrael
 17110 | D:13     | Reached XP level 15. HP: 140/140 MP: 17/17
 17516 | D:14     | Noticed Snorg
 17529 | D:14     | Killed Snorg
 17543 | D:14     | Found a shadowy altar of Dithmenos.
 17568 | D:14     | Noticed Roxanne
 17576 | D:14     | Found a labyrinth entrance.
 17585 | Lab      | Entered a labyrinth
 17586 | Lab      | OUCH
 17610 | Lab      | Found an exit through the horrors of the Abyss.
 18190 | D:14     | Noticed Agnes
 18215 | D:14     | Killed Agnes
 18215 | D:14     | Reached skill level 14 in Evocations
 18658 | D:15     | Entered Level 15 of the Dungeon
 19126 | D:15     | Found a staircase to the Depths.
 19523 | Orc:1    | Entered Level 1 of the Orcish Mines
 19556 | Orc:1    | Found a radiant altar of Vehumet.
 19815 | Orc:2    | Entered Level 2 of the Orcish Mines
 19834 | Orc:2    | Reached skill level 15 in Armour
 20071 | Orc:2    | Found a staircase to the Elven Halls.
 20185 | Orc:2    | Reached XP level 16. HP: 119/152 MP: 17/17
 20322 | Orc:2    | Reached skill level 15 in Evocations
 20345 | Orc:2    | Found Lulepic's Magic Scroll Emporium.
 20345 | Orc:2    | Found Umnaezeb's Gadget Emporium.
 20346 | Orc:2    | Found Maps's Gadget Emporium.
 20346 | Orc:2    | Found Uhoot's Weapon Shoppe.
 20357 | Orc:2    | Bought a wand of clouds (3) for 315 gold pieces
 20360 | Orc:2    | Bought a box of beasts for 220 gold pieces
 20360 | Orc:2    | Bought a wand of scattershot (3) for 231 gold pieces
 20360 | Orc:2    | Bought a wand of iceblast (6) for 110 gold pieces
 20360 | Orc:2    | Bought a box of beasts for 220 gold pieces
 20536 | D:10     | Bought a potion of haste for 120 gold pieces
 20536 | D:10     | Bought a potion of haste for 120 gold pieces
 20536 | D:10     | Bought a potion of haste for 120 gold pieces
 20536 | D:10     | Bought a potion of resistance for 120 gold pieces
 20664 | Snake:1  | Entered Level 1 of the Snake Pit
 20768 | Snake:1  | Found Reev's Gadget Shop.
 21087 | Snake:1  | Bought a wand of polymorph (20) for 286 gold pieces
 22329 | Snake:3  | NO
 22329 | Snake:3  | Gained mutation: Your magical capacity is low. (-10% MP) [a shining eye]
 22662 | Snake:4  | Entered Level 4 of the Snake Pit
 22697 | Snake:4  | Noticed Nikola
 22709 | Snake:4  | Killed Nikola
 22709 | Snake:4  | Reached skill level 16 in Evocations
 22763 | Snake:4  | Reached XP level 17. HP: 131/162 MP: 14/16
 23075 | Snake:4  | Noticed Donald
 23093 | Snake:4  | Killed Donald
 23270 | Snake:4  | Reached skill level 15 in Shields
 23459 | Snake:4  | Noticed Louise
 23479 | Snake:4  | Reached skill level 15 in Axes
 23506 | Snake:4  | Killed Louise
 23519 | Snake:4  | LOVE THIS SHIELD
 23542 | Snake:4  | Got a serpentine rune of Zot
 23573 | Snake:4  | Reached skill level 17 in Evocations
 23921 | Shoals:1 | Entered Level 1 of the Shoals
 24016 | Shoals:1 | Found Puanedghe's Island Escapes.
 24283 | Shoals:1 | Bought a scroll of blinking for 135 gold pieces
 24800 | Shoals:2 | Gained mutation: You passively map a large area around you. [Deep Dwarf growth]
 24800 | Shoals:2 | Reached XP level 18. HP: 139/171 MP: 17/17
 25465 | Shoals:3 | Found Ahudeach's Antique Armour Shop.
 25703 | Shoals:4 | Entered Level 4 of the Shoals
 26380 | Shoals:4 | Got a barnacled rune of Zot
 26458 | Shoals:4 | Noticed Ilsuiw
 26476 | Shoals:4 | Killed Ilsuiw
 27103 | Vaults:1 | Entered Level 1 of the Vaults
 27259 | Vaults:1 | Reached skill level 18 in Evocations
 28133 | Vaults:1 | Reached XP level 19. HP: 182/182 MP: 18/18
 28442 | Vaults:2 | Found Tynta's Armour Shop.
 28730 | Vaults:2 | Identified the cursed +0 hand axe "Ylymog" {chop, +Inv rPois Int+6 SInv} (You found it on level 2 of the Vaults)
 29980 | Vaults:3 | Reached skill level 19 in Evocations
 30168 | Vaults:3 | Reached XP level 20. HP: 193/193 MP: 20/20
 30655 | Vaults:3 | Reached skill level 15 in Fighting
 30678 | Vaults:3 | Found a staircase to the Crypt.
 31175 | Vaults:4 | Noticed Xtahua
 31191 | Vaults:4 | Killed Xtahua
 31461 | Vaults:4 | Lost mutation: Your magical capacity is low. (-10% MP) [potion of mutation]
 31461 | Vaults:4 | Gained mutation: Your system is resistant to poisons. (rPois) [potion of mutation]
 31461 | Vaults:4 | Gained mutation: You evolve. [potion of mutation]
 31461 | Vaults:4 | Gained mutation: You are partially covered in thin metallic scales. (AC +2) [potion of mutation]
 31461 | Vaults:4 | Gained mutation: You have a beak for a mouth. [potion of mutation]
 31910 | Vaults:4 | Reached skill level 20 in Evocations
 32128 | Vaults:5 | Entered Level 5 of the Vaults
 32225 | Vaults:5 | Reached XP level 21. HP: 189/202 MP: 25/25
 32482 | Vaults:5 | Identified the +1 scale mail "Hokara Usyq" {rC+ Dex+6} (You found it on level 5 of the Vaults)
 32619 | Vaults:5 | Noticed Bai Suzhen
 32648 | Vaults:5 | Killed Bai Suzhen
 32648 | Vaults:5 | Reached skill level 21 in Evocations
 32674 | Vaults:5 | Got a warped granite ring
 32700 | Vaults:5 | Identified the ring of Seyst {AC+3 Dex+2} (You took it off a vault sentinel on level 5 of the Vaults)
 32752 | Vaults:5 | Noticed Jorgrun
 32776 | Vaults:5 | Killed Jorgrun
 32960 | Vaults:5 | Reached XP level 22. HP: 214/214 MP: 26/26
 33228 | Vaults:5 | Found Aschoicu's Distillery.
 33290 | Vaults:5 | Identified the +0 pair of boots of Brilliance {*Slow rPois rN+ Dex+2} (You found it on level 5 of the Vaults)
 33297 | Vaults:5 | Got a warped platinum ring
 33300 | Vaults:5 | Identified the ring of the Dozen Lives {+Fly rF+++ MR+ Str-3 Dex-5} (You took it off an ironheart preserver on level 5 of the Vaults)
 33360 | Vaults:5 | Noticed Sojobo
 33379 | Vaults:5 | Lost mutation: You are partially covered in thin metallic scales. (AC +2) [evolution]
 33389 | Vaults:5 | Killed Sojobo
 33746 | Vaults:5 | Got a silver rune of Zot
 34093 | Elf:1    | Entered Level 1 of the Elven Halls
 34224 | Elf:1    | Got an ancient jade amulet
 34225 | Elf:1    | Identified the amulet of Ezograew {Harm *Drain rF+} (You found it on level 1 of the Elven Halls)
 34368 | Elf:1    | Found Izocoxz Ughe's Assorted Antiques.
 34395 | Elf:1    | Found Novuh's Magic Scroll Emporium.
 34397 | Elf:1    | Found Qopamp's Magic Scroll Emporium.
 34397 | Elf:1    | Found Kaammir's Jewellery Emporium.
 34677 | Elf:1    | Found an ancient bone altar of Kikubaaqudgha.
 34817 | Elf:1    | Found Suduaghu's Armour Boutique.
 35375 | Elf:2    | Found a runed gate.
 35377 | Elf:2    | Found a runed gate.
 35377 | Elf:2    | Found a runed gate.
 35412 | Elf:3    | Entered Level 3 of the Elven Halls
 35520 | Elf:3    | Reached skill level 22 in Evocations
 35586 | Elf:3    | Found a radiant altar of Vehumet.
 35905 | Elf:3    | Reached XP level 23. HP: 225/225 MP: 28/28
 36037 | Elf:3    | Got a coiled steel amulet
 36038 | Elf:3    | Identified the amulet "Fuogog" {Inacc rC+++ rN+} (You found it on level 3 of the Elven Halls)
 36172 | Elf:3    | Found the +8 autumn katana {slice, Clar}
 36262 | Elf:3    | Found the +1 cloak of Starlight {rElec rC+ EV+4 Stlth--}
 36278 | Elf:3    | Got a coiled bronze ring
 36279 | Elf:3    | Identified the ring "Xacoax" {*Tele Str+4 Int+5} (You found it on level 3 of the Elven Halls)
 36282 | Elf:3    | Got a scorched bronze ring
 36283 | Elf:3    | Identified the ring of Lucidity {rPois MR+} (You found it on level 3 of the Elven Halls)
 36300 | Elf:3    | Lost mutation: Your system is resistant to poisons. (rPois) [potion of mutation]
 36300 | Elf:3    | Lost mutation: You evolve. [potion of mutation]
 36300 | Elf:3    | Lost mutation: You have a beak for a mouth. [potion of mutation]
 36300 | Elf:3    | Gained mutation: You possess an exceptional clarity of mind. [potion of mutation]
 36300 | Elf:3    | Gained mutation: You are somewhat resistant to further mutation. [potion of mutation]
 36649 | Shoals:3 | Bought runed gold dragon scales for 2490 gold pieces
 36952 | Elf:1    | Bought a scroll of holy word for 97 gold pieces
 36952 | Elf:1    | Bought a scroll of enchant armour for 97 gold pieces
 37227 | Depths:1 | Entered Level 1 of the Depths
 37448 | Depths:1 | Found a one-way gate leading to the halls of Pandemonium.
 37699 | Depths:1 | Found a gateway to Hell.
 37994 | Depths:2 | Reached skill level 23 in Evocations
 38246 | Depths:2 | Noticed Jory
 38258 | Depths:2 | Paralysed by a vampire knight for 6 turns
 38602 | Depths:2 | Killed Jory
 38675 | Depths:2 | Found a basalt altar of Yredelemnul.
 38977 | Depths:2 | Noticed the Enchantress
 39008 | Depths:2 | Killed the Enchantress
 39012 | Depths:2 | Identified the +5 faerie dragon scales {rF+ rCorr Dex+2} (You took it off the Enchantress on level 2 of the Depths)
 39136 | Depths:3 | Reached skill level 24 in Evocations
 39319 | Depths:3 | Reached XP level 24. HP: 238/238 MP: 29/29
 40154 | Depths:4 | Paralysed by a floating eye for 2 turns
 40279 | Depths:4 | Reached skill level 25 in Evocations
 40577 | Depths:4 | Found a one-way gate to the infinite horrors of the Abyss.
 40688 | Depths:4 | Got a steaming pewter ring
 40689 | Depths:4 | Identified the ring "Quuguweaf" {*Tele rC+ Str+4} (You found it on level 4 of the Depths)
 40755 | Depths:4 | Found a gateway to a ziggurat.
 41077 | Depths:5 | Entered Level 5 of the Depths
 41118 | Depths:5 | Found a magical portal.
 41124 | WizLab   | Entered Wucad Mu's Monastery
 41227 | WizLab   | Found the +9 staff of Wucad Mu {channel}
 41264 | WizLab   | Reached XP level 25. HP: 233/252 MP: 29/29
 41537 | Depths:5 | Reached skill level 26 in Evocations
 41919 | Depths:5 | Found a gate to the Realm of Zot.
 42331 | Depths:1 | PASSING ARGUMENTS TO THE WHIZZ FUNCTION...
 42998 | Elf:1    | Bought the ring "Ifae" {rF+ rC+} for 663 gold pieces
 43389 | Zot:1    | Entered Level 1 of the Realm of Zot
 43389 | Zot:1    | Found a transporter.
 43401 | Zot:1    | Noticed Dame's ghost (legendary NaFi)
 43423 | Zot:1    | Found a transporter.
 43491 | Zot:1    | Reached XP level 26. HP: 262/262 MP: 10/30
 43684 | Zot:1    | Noticed an orb of fire
 43689 | Zot:1    | Killed an orb of fire
 43923 | Zot:1    | Reached skill level 27 in Evocations
 45687 | Zot:4    | Noticed an orb of fire
 45700 | Zot:4    | Reached XP level 27. HP: 264/282 MP: 4/30
 45700 | Zot:4    | Gained mutation: You occasionally shout uncontrollably at your foes. [an orb of fire]
 45713 | Zot:4    | Killed an orb of fire
 46182 | Zot:5    | Entered Level 5 of the Realm of Zot
 46291 | Zot:5    | Noticed an orb of fire
 46300 | Zot:5    | Gained mutation: You are dopey. (Int -2) [an orb of fire]
 46305 | Zot:5    | Killed an orb of fire
 46410 | Zot:5    | Noticed an orb of fire
 46429 | Zot:5    | Gained mutation: Potions are less effective at restoring your health. [an orb of fire]
 46436 | Zot:5    | Killed an orb of fire
 46460 | Zot:5    | Noticed an ancient lich
 46462 | Zot:5    | Got the Orb of Zot
 46506 | Zot:5    | Noticed an ancient lich
 46541 | Zot:5    | Killed an ancient lich
 46593 | Zot:1    | Noticed Tuhom the pandemonium lord
 46593 | Zot:1    | Noticed an ancient lich
 47155 | D:$      | Escaped with the Orb!

Vault maps used:
D:1:      onia_arrival_larder, minmay_misc_feat_rugged, st_stairs_7,
          minmay_distorted
D:2:      minmay_overflow_temple_star_quad, first_ration
D:3:      kennysheep_generic_room_4, uniq_ijyb, uniq_crazy_yiuf_cottage
D:4:      overflow_temple_1_default, biasface_ghost_orc_armoury
D:6:      nicolae_overflow_quartered_altars, serial_shops, shop, basic_altar,
          portal_sewer_entry_e, uniq_sigmund
D:7:      nicolae_overflow_crystal_walls, minmay_temple_entry_oklob,
          serial_shops, shop, uniq_joseph, uniq_prince_ribbit1
D:8:      nicolae_overflow_hidden_temple, erik_lair_orcish_takeover
D:9:      david_orc_1_choice, basic_altar, uniq_psyche
D:10:     serial_shops, shop, hangedman_pestilent_swarm
D:11:     serial_shops, nicolae_shop_trees
D:12:     basic_altar, enter_bailey_7, minmay_stone_trees_small,
          elyvilon_altar_5
D:13:     uniq_azrael
D:14:     lab_entry_generic, nicolae_dithmenos_through_a_glass_darkly,
          st_stairs_11, spider_trap, minmay_misc_feat_cross, grunt_potential,
          uniq_snorg, uniq_agnes, uniq_roxanne
D:15:     grunt_enter_depths_magical_seal, minivault_25
Lair:2:   minmay_shoals_entry_lonely_mermaid, lemuel_fruit_fields
Lair:3:   minmay_snake_entry_guardpost_medium
Lair:4:   st_stairs_6, worms_lemuel, uniq_harold
Lair:5:   st_stairs_9, minivault_27, infiniplex_staircase_pool_2
Lair:6:   due_jungle_book, slime_altar_1, uniq_nessos
Shoals:1: nicolae_island_escapes
Shoals:2: hangedman_shoal_volcano
Shoals:3: serial_shops, shop
Shoals:4: shoals_end_simple, shoals_ilsuiw_alternative
Snake:1:  serial_shops, shop, grunt_ministairs_14
Snake:3:  st_stairs_10, statue_in_the_mist_lemuel, spider_trap,
          grunt_megastairs_3
Snake:4:  grunt_snake_rune_pools, lemuel_fruit_tree, grunt_megastairs_2,
          uniq_louise, uniq_donald, uniq_nikola
Orc:1:    basic_altar, trog_book
Orc:2:    st_orc_pillars
Elf:1:    basic_altar, serial_shops, nicolae_shop_window_shopping,
          kennysheep_underground_church, st_stairs_14, minmay_shop_grid_forest,
          serial_sigils_hangedman_confine
Elf:3:    nooodl_elf_gasket, basic_altar
Vaults:1: hangedman_vaults_variations, vaults_room_door_ring, v_pattern_5,
          vaults_dpeg_hooks, v_misc_27, grunt_vaults_funnel,
          nicolae_vaults_asterisk, grunt_vaults_diagonal, v_misc_18
Vaults:2: st_octagons_1, hangedman_vaults_restitches, vaults_room_boxed,
          nicolae_vaults_big_angled_halls, vaults_room_corners,
          vaults_dpeg_diagonal, dpeg_vaults_monster_box, serial_shops,
          nicolae_shop_trees
Vaults:3: nicolae_vaults_network_barrier, ontoclasm_vaults_hangar,
          vaults_room_corners, v_rooms_1, minmay_crypt_entry_nasty_monster,
          vaults_mumra_lcd, grunt_vaults_twisty,
          nicolae_vaults_yaktaur_gun_rack, vaults_room_hangedman_quadrants,
          nicolae_vaults_sealed_display, v_misc_8, v_misc_13,
          ontoclasm_vaults_pinch
Vaults:4: vaults_dpeg_cross, v_rooms_6, hangedman_vaults_slither,
          grunt_vaults_trifunnel, vaults_room_hallway, vaults_mumra_minichess,
          hangedman_vaults_capsules, vaults_dpeg_encased_lava, v_misc_12,
          v_misc_16, uniq_xtahua
Vaults:5: uniq_bai_suzhen, uniq_sojobo, uniq_jorgrun
Depths:1: hell_entry, grunt_pan_entry_zigzag, eino_curves_04, abandoned_shop,
          st_stairs_6, kennysheep_doodads, lemuel_flamethrower_2
Depths:2: lemuel_vampire_tower, hell_entry, evilmike_minifort,
          infiniplex_staircase_pillars_1, uniq_enchantress
Depths:3: minmay_bad_star, grunt_pan_entry_in_and_out, pf_coc_iceberg,
          hangedman_decor_diamond_cutter
Depths:4: radiant_caverns_b_rkd, abyss_entry, hell_entry
Depths:5: grunt_zot_entry_hairpin, hellmouth_1, infiniplex_enter_wizlab_glasses,
          nicolae_abyss_entry_one_way_or_another, grunt_ministairs_7
Zot:1:    gammafunk_ghost_arena
Zot:3:    nicolae_zot_stationary_front
Lab:      labyrinth_mini_lab, nicolae_lab_dead_end, nicolae_lab_plus,
          nicolae_lab_very_dead_end, labyrinth_skeletal_remains, lab_hedge,
          nicolae_lab_checkerboard, nicolae_lab_x, nicolae_lab_stuck,
          nicolae_lab_starburst, labyrinth_glass_1, nicolae_lab_arrow,
          nicolae_lab_grate, labyrinth_fake_exit
Sewer:    sewer_frog_island_02
Bailey:   bailey_axe_2, bailey
WizLab:   wizlab_wucad

Skill      XL: |  1  2  3  4  5  6  7  8  9 10 11 12 13 14 15 16 17 18 19 20 21 22 23 24 25 26 27 |
---------------+----------------------------------------------------------------------------------+-----
Dodging        | 1 2 3 4 5 6 7 8 9 10 | 10.0
Fighting       | 3 4 5 6 7 8 9 10 11 12 13 14 15 16 17 18 19 20 23 25 | 25.1
Axes           | 3 4 5 6 7 8 9 11 12 13 14 15 16 17 18 | 18.0
Shields        | 4 5 6 7 8 9 10 11 12 13 14 15 16 17 18 19 20 | 20.0
Armour         | 4 5 6 7 8 9 10 11 13 15 16 18 19 20 21 22 | 22.0
Evocations     | 2 4 6 7 9 10 12 13 14 16 17 18 19 20 21 22 24 25 26 27 | 27.0
Invocations    | 2 4 6 8 |  8.0

Action                   |  1- 3 |  4- 6 |  7- 9 | 10-12 | 13-15 | 16-18 | 19-21 | 22-24 | 25-27 || total
-------------------------+-------+-------+-------+-------+-------+-------+-------+-------+-------++-------
Melee: War axe           |   136 |    74 |       |       |       |       |       |       |       ||   210
       Mace              |       |   113 |     2 |       |       |       |       |       |       ||   115
       Hand axe          |       |       |   570 |   354 |       |       |     8 |       |       ||   932
       Broad axe         |       |       |       |   535 |  1008 |  1351 |  1252 |  1678 |  1158 ||  6982
       Peck              |       |       |       |       |       |       |   188 |   154 |       ||   342
Throw: Throwing net      |       |       |       |       |     1 |       |       |       |       ||     1
Invok: Lesser Servant of |       |       |       |       |     8 |     2 |       |       |     5 ||    15
 Abil: Heal Wounds       |     1 |     7 |     9 |    13 |    10 |     3 |    11 |     2 |       ||    56
       Evoke Berserk Rag |       |       |       |       |     1 |       |       |       |       ||     1
Evoke: Wand              |       |       |     5 |    13 |    22 |    65 |     8 |    35 |     9 ||   157
       Lightning rod     |       |       |       |       |     8 |     8 |     9 |       |       ||    25
  Use: Scroll            |       |     7 |     3 |    13 |    13 |     4 |     8 |    29 |    10 ||    87
       Potion            |       |     2 |       |       |       |     5 |     2 |     2 |     4 ||    15
 Stab: Paralysed         |       |       |       |     3 |     3 |     3 |     1 |       |       ||    10
       Held in net/web   |       |       |       |       |     1 |       |       |       |       ||     1
       Petrified         |       |       |       |       |     3 |       |       |       |       ||     3
       Distracted        |       |       |       |       |     4 |       |       |     2 |     2 ||     8
  Eat: Chunk             |     1 |     4 |    17 |    25 |    29 |    28 |    18 |    13 |     1 ||   136
       Ration            |       |       |       |       |       |       |       |     7 |     6 ||    13
Armor: Scale mail        |    61 |    11 |       |       |       |       |       |       |       ||    72
       Chain mail        |       |    27 |       |       |       |       |   191 |       |       ||   218
       Plate armour      |       |    66 |   361 |   436 |   519 |   692 |   219 |       |       ||  2293
       Storm dragon scal |       |       |       |       |       |       |    44 |   157 |       ||   201
       Gold dragon scale |       |       |       |       |       |       |       |   444 |   723 ||  1167
Dodge: Dodged            |    37 |    53 |   200 |   292 |   427 |   433 |   306 |   413 |   454 ||  2615
Block: Shield            |    79 |   121 |   423 |   588 |   719 |   248 |       |       |       ||  2178
       Large shield      |       |       |       |       |       |  1232 |  1232 |  1407 |  1334 ||  5205

Table legend:
 A = Spawn XP
 B = Non-spawn XP
 C = Spawn XP percentage of total XP
 D = Spawn monster count
 E = Non-spawn monster count
 F = Spawn count percentage of total count
 G = Total turns spent on level
                    A         B        C        D         E        F      G
               +---------+---------+-------+---------+---------+-------+---------
         Total |       0 | 1472928 |   0.0 |       0 |    2321 |   0.0 | 47155
               +---------+---------+-------+---------+---------+-------+---------
           D:1 |       0 |      67 |   0.0 |       0 |      36 |   0.0 |  1101
           D:2 |       0 |     131 |   0.0 |       0 |      24 |   0.0 |   927
           D:3 |       0 |     157 |   0.0 |       0 |      21 |   0.0 |   797
           D:4 |       0 |     548 |   0.0 |       0 |      20 |   0.0 |   867
           D:5 |       0 |     501 |   0.0 |       0 |      16 |   0.0 |   830
           D:6 |       0 |    1153 |   0.0 |       0 |      36 |   0.0 |  1208
           D:7 |       0 |    1590 |   0.0 |       0 |      27 |   0.0 |   839
           D:8 |       0 |    4671 |   0.0 |       0 |      67 |   0.0 |  1002
           D:9 |       0 |    2407 |   0.0 |       0 |      38 |   0.0 |  1804
          D:10 |       0 |    4603 |   0.0 |       0 |      31 |   0.0 |   880
          D:11 |       0 |    2196 |   0.0 |       0 |      20 |   0.0 |  1021
          D:12 |       0 |    6114 |   0.0 |       0 |      36 |   0.0 |   839
          D:13 |       0 |   13255 |   0.0 |       0 |      53 |   0.0 |   874
          D:14 |       0 |   16308 |   0.0 |       0 |      51 |   0.0 |  1213
          D:15 |       0 |   23392 |   0.0 |       0 |      46 |   0.0 |   903
        Lair:1 |       0 |    2528 |   0.0 |       0 |      13 |   0.0 |   819
        Lair:2 |       0 |    5362 |   0.0 |       0 |      21 |   0.0 |  1013
        Lair:3 |       0 |    5222 |   0.0 |       0 |      25 |   0.0 |   796
        Lair:4 |       0 |    8037 |   0.0 |       0 |      35 |   0.0 |   832
        Lair:5 |       0 |   10464 |   0.0 |       0 |      51 |   0.0 |   695
        Lair:6 |       0 |   34301 |   0.0 |       0 |      53 |   0.0 |  1254
      Shoals:1 |       0 |    6364 |   0.0 |       0 |      16 |   0.0 |   611
      Shoals:2 |       0 |   12008 |   0.0 |       0 |      26 |   0.0 |   744
      Shoals:3 |       0 |   11047 |   0.0 |       0 |      20 |   0.0 |   683
      Shoals:4 |       0 |   44128 |   0.0 |       0 |      80 |   0.0 |  1055
       Snake:1 |       0 |   17625 |   0.0 |       0 |      31 |   0.0 |   938
       Snake:2 |       0 |    9417 |   0.0 |       0 |      17 |   0.0 |   755
       Snake:3 |       0 |   21205 |   0.0 |       0 |      27 |   0.0 |   368
       Snake:4 |       0 |   67662 |   0.0 |       0 |     105 |   0.0 |  1126
         Orc:1 |       0 |    3285 |   0.0 |       0 |      17 |   0.0 |   392
         Orc:2 |       0 |   12002 |   0.0 |       0 |      75 |   0.0 |   829
         Elf:1 |       0 |   24351 |   0.0 |       0 |      36 |   0.0 |  1164
         Elf:2 |       0 |   27089 |   0.0 |       0 |      38 |   0.0 |   455
         Elf:3 |       0 |   70812 |   0.0 |       0 |      73 |   0.0 |   981
      Vaults:1 |       0 |   27747 |   0.0 |       0 |      57 |   0.0 |  1435
      Vaults:2 |       0 |   64247 |   0.0 |       0 |      79 |   0.0 |  1663
      Vaults:3 |       0 |   71164 |   0.0 |       0 |     112 |   0.0 |  1362
      Vaults:4 |       0 |   49523 |   0.0 |       0 |      59 |   0.0 |   958
      Vaults:5 |       0 |  177040 |   0.0 |       0 |     142 |   0.0 |  1693
      Depths:1 |       0 |   12864 |   0.0 |       0 |      21 |   0.0 |   813
      Depths:2 |       0 |   84673 |   0.0 |       0 |     105 |   0.0 |  1273
      Depths:3 |       0 |   50474 |   0.0 |       0 |      57 |   0.0 |   944
      Depths:4 |       0 |   63183 |   0.0 |       0 |      95 |   0.0 |  1085
      Depths:5 |       0 |   66435 |   0.0 |       0 |      63 |   0.0 |  1068
         Zot:1 |       0 |   72644 |   0.0 |       0 |      42 |   0.0 |   969
         Zot:2 |       0 |   60550 |   0.0 |       0 |      36 |   0.0 |   417
         Zot:3 |       0 |   38513 |   0.0 |       0 |      19 |   0.0 |   909
         Zot:4 |       0 |   54774 |   0.0 |       0 |      32 |   0.0 |   555
         Zot:5 |       0 |  105155 |   0.0 |       0 |      31 |   0.0 |   363
           Lab |       0 |    1527 |   0.0 |       0 |       3 |   0.0 |   163
         Sewer |       0 |     369 |   0.0 |       0 |      52 |   0.0 |   315
        Bailey |       0 |     816 |   0.0 |       0 |      34 |   0.0 |   335
        WizLab |       0 |    1228 |   0.0 |       0 |       1 |   0.0 |   220
               +---------+---------+-------+---------+---------+-------+---------
